 Dungeon Crawl Stone Soup version 0.28.0 (webtiles) character file.

Game seed: 4037896955296898383

3318 Gabide the Basher (level 10, -13/114 HPs)
             Began as a Human Monk on Feb 4, 2022.
             Was an Elder of Elyvilon.
             Mangled by a red ugly thing (23 damage)
             ... on level 9 of the Dungeon.
             The game lasted 00:13:08 (11268 turns).

Gabide the Basher (Human Monk)                     Turns: 11268, Time: 00:13:09

Health: -13/114    AC:  7    Str: 13    XL:     10   Next: 21%
Magic:  13/13      EV: 16    Int: 11    God:    Elyvilon [****..]
Gold:   329        SH:  0    Dex: 18    Spells: 9/9 levels left

rFire   . . .      SeeInvis .   B - +1 morningstar (flame)
rCold   . . .      Faith    .   l - orb {*Rage}
rNeg    . . .      Spirit   .   C - +0 steam dragon scales
rPois   +          Reflect  .   (no helmet)
rElec   .          Harm     .   o - +0 cloak {rPois}
rCorr   .          Rampage  .   e - +0 pair of gloves
Will    +....      Rage     20% (no boots)
Stlth   ..........              (no amulet)
HPRegen 0.29/turn               g - ring of willpower
MPRegen 0.13/turn               (no ring)

@: berserking, very quick
A: no striking features
a: Renounce Religion, Purification, Heal Other, Heal Self


You were on level 9 of the Dungeon.
You worshipped Elyvilon.
Elyvilon was greatly pleased with you.
You visited 2 branches of the dungeon, and saw 10 of its levels.

You collected 459 gold pieces.
You spent 130 gold pieces at shops.

Inventory:

Hand Weapons
 B - a +1 morningstar of flaming (weapon)
Armour
 e - a +0 pair of gloves (worn)
 l - an orb of wrath (worn)
 o - a +0 cloak of poison resistance (worn)
 C - +0 steam dragon scales (worn)
Jewellery
 g - a ring of willpower (left hand)
Wands
 d - a wand of iceblast (6)
 j - a wand of digging (7)
 x - a wand of flame (13)
Scrolls
 b - a scroll of identify
 i - 2 scrolls of fear
 p - 2 scrolls of teleportation
 q - a scroll of brand weapon
 v - 3 scrolls of immolation
 A - a scroll of holy word
Potions
 a - a potion of resistance
 c - 3 potions of brilliance
 f - a potion of mutation
 k - 3 potions of curing
 n - 2 potions of attraction
 r - 2 potions of heal wounds
 t - a potion of flight
 u - a potion of cancellation
 w - a potion of haste
 z - a potion of might


   Skills:
 + Level 5.7 Fighting
 + Level 9.2 Maces & Flails
 * Level 7.3 Dodging
 + Level 5.5 Stealth
 * Level 5.1 Invocations


You had 9 spell levels left.
You didn't know any spells.
Your spell library contained the following spells:

 Spells                   Type           Power      Damage    Failure   Level
 Foxfire                  Conj/Fire      0%         2x1d4     34%         1
 Magic Dart               Conj           0%         1d3       34%         1
 Call Imp                 Summ           0%         N/A       47%         2
 Corpse Rot               Necr/Air       0%         N/A       47%         2
 Poisonous Vapours        Pois/Air       0%         N/A       47%         2
 Conjure Flame            Conj/Fire      0%         6-21      71%         3
 Inner Flame              Hex/Fire       0%         N/A       71%         3
 Mephitic Cloud           Conj/Pois/Air  0%         N/A       71%         3
 Stone Arrow              Conj/Erth      0%         3d7       71%         3
 Animate Armour           Summ/Erth      0%         N/A       98%         4
 Cause Fear               Hex            0%         N/A       98%         4
 Flame Wave               Conj/Fire      0%         2d4       98%         4
 Discord                  Hex            0%         N/A       100%        8
 Lehudib's Crystal Spear  Conj/Erth      0%         10d2      100%        8


Dungeon Overview and Level Annotations

Branches:
Dungeon (9/15)             Temple (1/1) D:4
   Lair: D:8-11         Orc: D:9-12

Altars:
Ashenzari
Cheibriados
Dithmenos
Elyvilon
Fedhas
Gozag
Hepliaklqana
Kikubaaqudgha
Makhleb
Nemelex Xobeh
Okawaru
Qazlal
Ru
Sif Muna
Trog
Uskayaw
Vehumet
Wu Jian
Xom
Yredelemnul
Zin
The Shining One
Beogh

Shops:
D:4 :   D:5 !

Annotations:
D:6 2 transporters, Erasure's ghost, novice DsAK


Message History

The centaur zombie kicks you but does no damage.
The red ugly thing completely misses you.
The gnoll sergeant hits you from afar with a +0 spear.
The wyvern bites you but does no damage.
The centaur zombie hits you. The centaur zombie barely misses you.
The wyvern closely misses you.
There is an open door here.
The howler monkey hoots and howls with incredible vigour!
You hear an angry buzzing noise.
You hear two shouts!
Found a scroll labelled NOHARIDWO.
The centaur wields a +0 shortbow.
The centaur shoots an arrow.
The arrow closely misses you.
The red ugly thing bites you but does no damage.
The howler monkey hoots and howls with incredible vigour!
You hear an angry hiss.
You hear a shout! x2
You hear a horrible gurgling sound!
You are too injured to fight recklessly!
A red film seems to cover your vision as you go berserk!
You feel yourself moving faster!
You feel mighty!
You hit the red ugly thing. You burn the red ugly thing.
The red ugly thing is lightly wounded.
You barely miss the red ugly thing.
The red ugly thing is lightly wounded.
The red ugly thing closely misses you. The gnoll sergeant misses you.
You barely miss the red ugly thing.
The red ugly thing is lightly wounded.
The red ugly thing bites you!
You are engulfed in flames!!
* * * LOW HITPOINT WARNING * * *
The gnoll sergeant hits you from afar with a +0 spear!
* * * LOW HITPOINT WARNING * * *
You barely miss the red ugly thing.
The red ugly thing is lightly wounded.
You barely miss the red ugly thing.
The red ugly thing is lightly wounded.
The red ugly thing misses you. The gnoll sergeant misses you.
You barely miss the red ugly thing.
The red ugly thing is lightly wounded.
The red ugly thing bites you!
* * * LOW HITPOINT WARNING * * *
You are engulfed in flames!!
You die...

#.... ....#.###. ##..
#..#. .#..#.#..<
?#...#...g#....#.#...
##...#...Z.....#.#...
....#####'#####.#..)
.#..............#...
.......Z............
####gh...#..##...##
#.@ulc..##.....###
#.########.....# #.
#.##### #. #.# #. #.#
#. #.# #. ..# ## #.#
###


You could see a red ugly thing, a wyvern, a gnoll sergeant, a centaur, a howler
monkey and a centaur zombie.

Vanquished Creatures
  Maggie (D:7)
  Prince Ribbit (D:7)
  A slime creature (D:8)
  A wraith (D:8)
  A steam dragon (D:8)
  2 water moccasins
  A black bear (D:5)
  A necrophage (D:2)
  A sky beast (D:7)
  4 centaurs
  An ogre (D:3)
  A phantom (D:5)
  A gnoll sergeant (D:7)
  2 scorpions
  A water moccasin zombie (D:5)
  A water moccasin skeleton (D:5)
  A howler monkey (D:5)
  2 centaur zombies
  4 jellies
  4 orc priests
  Crazy Yiuf (D:3)
  A bullfrog skeleton (D:6)
  2 centaur skeletons (D:7)
  A gnoll shaman (D:7)
  5 iguanas
  Ijyb (D:5)
  3 orc wizards
  A killer bee zombie (D:7)
  2 hound skeletons (D:4)
  A howler monkey skeleton (D:4)
  3 howler monkey zombies
  11 gnolls
  5 adders
  3 shadow imps (D:7)
  3 white imps
  An ufetubus (D:4)
  An adder skeleton (D:4)
  5 worms
  3 dart slugs
  24 orcs
  3 ball pythons
  6 bats
  2 endoplasms
  5 giant cockroaches
  4 goblins
  5 hobgoblins
  14 jackals
  7 kobolds
  2 quokkas
  A frilled lizard (D:2)
  6 rats
164 creatures vanquished.

Vanquished Creatures (others)
  A kobold (D:4)
1 creature vanquished.

Grand Total: 165 creatures vanquished

Notes
Turn   | Place    | Note
-------+----------+-------------------------------------------
     0 | D:1      | Gabide the Human Monk began the quest for the Orb.
     0 | D:1      | Reached XP level 1. HP: 18/18 MP: 1/1
   107 | D:1      | Reached XP level 2. HP: 24/24 MP: 2/2
   568 | D:1      | Reached XP level 3. HP: 25/29 MP: 3/3
  1142 | D:2      | Noticed a necrophage
  1379 | D:2      | Killed a necrophage
  1380 | D:2      | Reached skill level 4 in Maces & Flails
  1380 | D:2      | Reached XP level 4. HP: 14/35 MP: 4/4
  1380 | D:2      | Reached XP level 5. HP: 17/41 MP: 5/5
  3086 | D:3      | Reached XP level 6. HP: 11/47 MP: 6/6
  3351 | D:3      | Found a shimmering blue altar of Sif Muna.
  3405 | D:3      | Noticed an ogre
  3412 | D:3      | Killed an ogre
  3413 | D:3      | Reached skill level 5 in Maces & Flails
  3851 | D:3      | Found a runed translucent door.
  3852 | D:3      | Noticed Crazy Yiuf
  3907 | D:3      | Found a faded altar of an unknown god.
  4070 | D:3      | Killed Crazy Yiuf
  4368 | D:4      | Found a staircase to the Ecumenical Temple.
  4378 | D:4      | Reached XP level 7. HP: 53/53 MP: 7/7
  4395 | Temple   | Entered the Ecumenical Temple
  4630 | Temple   | Became a worshipper of Elyvilon the Healer
  4630 | Temple   | Reached * piety under Elyvilon
  4630 | Temple   | Reached ** piety under Elyvilon
  5517 | D:4      | Reached skill level 5 in Dodging
  5538 | D:4      | Reached skill level 1 in Invocations
  5594 | D:4      | Found an iron altar of Okawaru.
  5621 | D:4      | Found Ifybyh Giap's Self-Improvement Boutique.
  5824 | D:5      | Entered Level 5 of the Dungeon
  5890 | D:5      | Noticed a water moccasin
  5896 | D:5      | Killed a water moccasin
  5897 | D:5      | Reached skill level 6 in Maces & Flails
  5897 | D:5      | Reached XP level 8. HP: 60/60 MP: 7/9
  6637 | D:5      | Found Axiamal's Distillery.
  6643 | D:5      | Bought a potion of curing for 30 gold pieces
  6643 | D:5      | Bought a potion of haste for 100 gold pieces
  6656 | D:5      | Noticed Ijyb
  6665 | D:5      | Killed Ijyb
  7007 | D:5      | Reached skill level 7 in Maces & Flails
  7172 | D:5      | Found a basalt altar of Yredelemnul.
  7212 | D:5      | Found a glowing silver altar of Zin.
  7497 | D:6      | Identified the +11 great mace of Parsimonious Fortitude
                  | {holy, Int+6}
  7499 | D:6      | Reached XP level 9. HP: 66/66 MP: 11/11
  7499 | D:6      | Found a transporter.
  7500 | D:6      | Noticed Erasure's ghost (novice DsAK)
  7505 | D:6      | Found a transporter.
  7538 | D:6      | Reached *** piety under Elyvilon
  8238 | D:7      | Noticed Maggie
  8253 | D:7      | Killed Maggie
  8254 | D:7      | Reached skill level 5 in Fighting
  8254 | D:7      | Reached skill level 5 in Stealth
  8739 | D:7      | Noticed Prince Ribbit
  8750 | D:7      | Killed Prince Ribbit
  8751 | D:7      | Reached skill level 8 in Maces & Flails
  9468 | D:7      | Reached **** piety under Elyvilon
 10300 | D:8      | Reached XP level 10. HP: 74/74 MP: 13/13
 10767 | D:8      | Reached skill level 9 in Maces & Flails
 10781 | D:8      | Reached skill level 5 in Invocations
 11246 | D:9      | Noticed a red ugly thing
 11268 | D:9      | Mangled by a red ugly thing

Illustrated notes

Levels and vault maps discovered:
D:1:      grunt_arrival_lava_bath, layout_loops_ring
D:2:      layout_rooms, kennysheep_generic_room_6
D:3:      layout_basic, lemuel_blue_sif_altar,
          hellmonk_ecumenical_altar_defaced_shrine, item_on_display_a,
          uniq_crazy_yiuf_cottage
D:4:      layout_basic, mainiacjoe_overflow_alcove_2,
          minmay_temple_entry_stoned_glass, nicolae_shop_self_help
D:5:      layout_rooms, zin_statuary, marbit_many_paths, serial_shops, shop,
          grunt_ministairs_8, uniq_ijyb
D:6:      layout_basic, gammafunk_ghost_smash, enter_ossuary_5
D:7:      layout_loops_corners, uniq_prince_ribbit1, uniq_maggie
D:8:      layout_loops_ring, minmay_small_thing
D:9:      minmay_the_grid_net [minmay_the_grid_plusring, minmay_the_grid_rooms,
          minmay_the_grid_eight, minmay_the_grid_pillar_ring,
          minmay_the_grid_paths, minmay_the_grid_prize_shrinking_boxes],
          layout_basic, david_lair_shrubbed, enter_bailey_6, grunt_tough_drop,
          uniq_gastronok, uniq_erolcha
Temple:   dpeg_five_rooms_temple

Skill      XL: |  1  2  3  4  5  6  7  8  9 10 |
---------------+-------------------------------+-----
Maces & Flails | 4 5 6 7 8 9 |  9.2
Dodging        | 4 5 7 |  7.3
Stealth        | 3 4 5 |  5.5
Fighting       | 4 5 |  5.7
Invocations    | 1 3 4 5 |  5.1

Action                   |  1- 3 |  4- 6 |  7- 9 | 10-12 || total
-------------------------+-------+-------+-------+-------++-------
Melee: Mace              |    59 |       |       |       ||    59
       Flail             |    18 |   135 |   213 |       ||   366
       Punch             |       |     1 |       |       ||     1
       Morningstar       |       |       |    91 |    56 ||   147
  Use: Scroll            |       |     6 |    13 |       ||    19
 Stab: Sleeping          |     3 |     5 |    17 |     1 ||    26
       Distracted        |       |     1 |     2 |       ||     3
Armor: Robe              |    24 |    32 |    43 |       ||    99
       Steam dragon scal |       |       |    33 |    20 ||    53
Dodge: Dodged            |    54 |    89 |   243 |    67 ||   453
